 Dungeon Crawl Stone Soup version 0.19-a0-19-gf75ed07 (webtiles) character file.

7892 Gorice the Destroyer (level 11, -4/68 HPs)
             Began as a Demonspawn Venom Mage on Apr 30, 2016.
             Was a Priest of Sif Muna.
             Slain by a red ugly thing (23 damage)
             ... on level 10 of the Dungeon.
             The game lasted 01:37:37 (12317 turns).

Gorice the Destroyer (Demonspawn Venom Mage)       Turns: 12317, Time: 01:37:38

Health: -4/68      AC: 13    Str:  9    XL:     11   Next: 2%
Magic:  4/23       EV: 14    Int: 20    God:    Sif Muna [***...]
Gold:   664        SH:  0    Dex: 17    Spells: 5 memorised, 10 levels left

rFire  . . .     SeeInvis .     a - +2 whip (elec)
rCold  + . .     Gourm    .     w - +3 leather armour
rNeg   . . .     Faith    .     (no shield)
rPois  .         Spirit   .     (helmet restricted)
rElec  .         Dismiss  .     t - +2 cloak
rCorr  .         Reflect  .     (no gloves)
SustAt .         Harm     .     J - +0 pair of boots
MR     .....                    y - amulet of magic regeneration
Stlth  ++........               s - ring of protection from cold
                                n - +4 ring of dexterity

@: not resistant to hostile enchantments, unstealthy
A: horns 2, slimy green scales 2, powered by death 1
a: Channel Energy, Renounce Religion


You were on level 10 of the Dungeon.
You worshipped Sif Muna.
Sif Muna was most pleased with you.
You were very hungry.

You visited 2 branches of the dungeon, and saw 12 of its levels.

You collected 664 gold pieces.

Inventory:

Hand Weapons
 a - a +2 whip of electrocution (weapon)
   (You found it on level 7 of the Dungeon)
 p - a +1 dagger of protection
   (You took it off a kobold on level 7 of the Dungeon)
 A - a +2 flail of crushing
   (You took it off an orc on level 4 of the Dungeon)
 B - a +0 blowgun
Missiles
 o - 64 poisoned needles
 u - 15 javelins
 W - 2 tomahawks (quivered)
 Y - a throwing net
Armour
 t - a +2 cloak (worn)
 w - a +3 leather armour (worn)
 J - a +0 pair of boots (worn)
 P - a troll hide
Jewellery
 n - a +4 ring of dexterity (left hand)
 s - a ring of protection from cold (right hand)
 y - an amulet of magic regeneration (around neck)
 Q - an uncursed ring of fire
 U - an uncursed amulet of regeneration
Wands
 j - a wand of teleportation (3/9) {!d}
 q - a wand of hasting (6/9) {!d}
 z - a wand of lightning (8/15)
 E - a wand of flame (24/48)
 L - a wand of paralysis (0/24)
 M - a wand of lightning (3/15)
 N - a wand of lightning (10/15)
 R - a wand of polymorph (3/24)
 V - a wand of iceblast (8/15)
Scrolls
 f - a scroll of magic mapping {!r}
 g - a scroll of silence {!r}
 h - 2 scrolls of blinking
 i - 8 scrolls of remove curse
 m - 4 scrolls of teleportation {!r}
 G - a scroll of enchant armour
Potions
 e - a potion of cancellation {!q}
 k - 3 potions of curing
 l - a potion of magic {!q}
 v - a potion of brilliance {!q}
 C - 2 potions of agility {!q}
 D - 3 potions of might {!q}
 I - 2 potions of cure mutation {!q}
Books
 b - a Young Poisoner's Handbook
 S - a book of Death
Comestibles
 c - 7 bread rations {!e}
 d - 2 meat rations {!e}
 x - a slice of pizza
 H - 9 beef jerkies
 O - 3 fruits


   Skills:
 + Level 0.0 Fighting
 - Level 5.1 Dodging
 - Level 1.7 Stealth
 + Level 8.0 Spellcasting
 * Level 10.7 Conjurations
 + Level 2.6 Necromancy
 - Level 4.0 Air Magic
 - Level 8.0 Poison Magic


You had 10 spell levels left.
You knew the following spells:

 Your Spells              Type           Power        Failure   Level  Hunger
a - Sting                 Conj/Pois      ####         1%          1    None
b - Cure Poison           Pois           #####.....   1%          2    None
c - Mephitic Cloud        Conj/Pois/Air  #####...     1%          3    None
d - Venom Bolt            Conj/Pois      #####.....   10%         5    #####..
e - Dispel Undead         Necr           ###.....     93%         5    #####..


Dungeon Overview and Level Annotations

Branches:
Dungeon (11/15)            Temple (1/1) D:7
   Lair: D:8-11         Orc: D:9-12

Altars:
Ashenzari
Cheibriados
Dithmenos
Elyvilon
Fedhas
Gozag
Kikubaaqudgha
Makhleb
Nemelex Xobeh
Okawaru
Pakellas
Qazlal
Ru
Sif Muna
Trog
Vehumet
Xom
Yredelemnul
Zin
The Shining One

Shops:
D:5 (

Annotations:
D:6 vpUX: 8hh!
D:8 exclusion: water moccasin
D:9 pUX: tough ghost!, Karasique's ghost, novice DrWz


Innate Abilities, Weirdness & Mutations

You have a pair of horns on your head.
You are mostly covered in slimy green scales (AC +3).
You regenerate a little health from kills.


Message History

Casting: Mephitic Cloud
Confirm with . or Enter, or press ? or * to list all spells.
Aiming: Venom Bolt
Press: ? - help, Shift-Dir - straight line, f - red ugly thing
Aim: a red ugly thing (noxious fumes, moderately wounded, confused)
The bolt of poison misses the red ugly thing.
You are feeling hungry.
The red ugly thing is engulfed in noxious fumes.
The red ugly thing appears confused.
Casting: Venom Bolt
Confirm with . or Enter, or press ? or * to list all spells.
Aiming: Venom Bolt
Press: ? - help, Shift-Dir - straight line, f/p - red ugly thing
Aim: a red ugly thing (moderately wounded, confused)
The bolt of poison hits the red ugly thing.
The red ugly thing is heavily wounded.
Casting: Venom Bolt
Confirm with . or Enter, or press ? or * to list all spells.
Aiming: Venom Bolt
Press: ? - help, Shift-Dir - straight line, f/p - red ugly thing
Aim: a red ugly thing (heavily wounded, confused)
The bolt of poison hits the red ugly thing.
The red ugly thing is poisoned.
The red ugly thing is almost dead.
You are feeling very hungry.
Casting: Venom Bolt
Confirm with . or Enter, or press ? or * to list all spells.
Aiming: Sting
Press: ? - help, Shift-Dir - straight line, f/p - red ugly thing
Aim: a red ugly thing (almost dead, poisoned, confused)
The sting hits the red ugly thing.
The red ugly thing looks even sicker.
The red ugly thing is almost dead.
Casting: Sting
Confirm with . or Enter, or press ? or * to list all spells.
Aiming: Sting
Press: ? - help, Shift-Dir - straight line, f/p - red ugly thing
Aim: a red ugly thing (almost dead, poisoned, confused)
The sting hits the red ugly thing.
The red ugly thing looks even sicker.
The red ugly thing is almost dead.
You hit the red ugly thing.
The red ugly thing is almost dead.
You barely miss the red ugly thing.
The red ugly thing is almost dead.
You catch the helpless red ugly thing completely off-guard!
You hit the red ugly thing but do no damage.
The red ugly thing is almost dead.
The red ugly thing seems less confused.
The red ugly thing trunk-slaps you!
* * * LOW HITPOINT WARNING * * *
You are engulfed in flames!!
You die...

#.#.###.###.......#
#.#.# #..##.......#
#.#.# ##.##.......#
#.#.# #.##.......#
#.#.# #..####'..##
#.#.# ##.## #...#
#.#.# #..# ##..##
#.#.######u####...#
#.#.......@....)>.##
#.########..#####..#
#............# ##.#
#..########..# #.#
#..#......#..# #.#
#..#.####.#..# #.#
#..#.##.#.#..# #.#
#..#.........## #.#
#..####.#)....## #.#


You could see a red ugly thing.

Vanquished Creatures
  Erolcha (D:9)
  A manticore (D:11)
  A gargoyle (D:10)
  A komodo dragon (D:10)
  3 trolls
  A two-headed ogre (D:8)
  Grinder (D:6)
  A yak (D:8)
  Eustachio (D:4)
  A hungry ghost (D:10)
  2 hippogriffs (D:7)
  2 water moccasins (D:9)
  Duvessa (D:5)
  5 sky beasts
  2 ice beasts
  A black bear (D:7)
  2 orc warriors
  2 phantoms
  8 ogres
  5 centaurs
  A crocodile (D:9)
  A big kobold (D:7)
  2 giant frogs
  The ghost of Galewind the Covert, an amateur SpEn (D:3)
  A gnoll sergeant (D:8)
  Dowan (D:5)
  3 scorpions
  A water moccasin skeleton (D:7)
  2 howler monkeys
  5 crimson imps
  6 hounds
  A quasit (D:7)
  A jelly (D:9)
  4 orc priests
  3 centaur skeletons
  6 orc wizards
  A giant frog skeleton (D:10)
  Natasha (thrice) (D:4 D:7)
  An iguana (D:7)
  6 worker ants
  A hound zombie (D:10)
  A howler monkey zombie (D:5)
  A worker ant zombie (D:9)
  8 gnolls
  10 adders
  2 howler monkey skeletons
  A shadow imp (D:5)
  A white imp (D:10)
  2 adder skeletons
  3 worms
  A dart slug (D:1)
  2 giant geckos
  37 orcs
  6 bats
  2 bat zombies (D:8)
  9 giant cockroaches
  3 goblins
  8 hobgoblins
  9 jackals
  13 kobolds
  6 quokkas
  A ball python (D:5)
  2 giant gecko skeletons
  3 giant newts
  A quokka zombie (D:5)
  8 rats
  2 rat zombies (D:8)
235 creatures vanquished.

Vanquished Creatures (others)
  A gnoll (D:8)
1 creature vanquished.

Grand Total: 236 creatures vanquished

Notes
Turn   | Place    | Note
--------------------------------------------------------------
     0 | D:1      | Gorice the Demonspawn Venom Mage began the quest for the Orb.
     0 | D:1      | Reached XP level 1. HP: 13/13 MP: 3/3
   224 | D:1      | Reached skill level 1 in Conjurations
   320 | D:1      | Gained mutation: You have a pair of small horns on your head. [demonic ancestry]
   320 | D:1      | Reached XP level 2. HP: 19/19 MP: 3/5
  1019 | D:1      | Reached skill level 2 in Conjurations
  1165 | D:1      | Learned a level 2 spell: Cure Poison
  1194 | D:2      | Reached XP level 3. HP: 24/24 MP: 1/6
  1502 | D:2      | HP: 5/24 [quokka (4)]
  1507 | D:2      | HP: 1/24 [quokka (4)]
  1816 | D:2      | Reached skill level 3 in Conjurations
  1816 | D:2      | Gained mutation: You are partially covered in slimy green scales (AC +2). [demonic ancestry]
  1816 | D:2      | Reached XP level 4. HP: 25/30 MP: 4/8
  2080 | D:2      | Learned a level 3 spell: Mephitic Cloud
  2128 | D:3      | Reached skill level 3 in Spellcasting
  2194 | D:3      | Noticed Galewind's ghost (amateur SpEn)
  2927 | D:3      | Killed Galewind's ghost
  2927 | D:3      | Reached skill level 4 in Conjurations
  2927 | D:3      | Gained mutation: You are mostly covered in slimy green scales (AC +3). [demonic ancestry]
  2927 | D:3      | Reached XP level 5. HP: 13/35 MP: 8/10
  3669 | D:4      | Gained mutation: You have a pair of horns on your head. [demonic ancestry]
  3669 | D:4      | Reached XP level 6. HP: 41/41 MP: 5/11
  3929 | D:4      | Noticed Natasha
  3998 | D:4      | Killed Natasha
  4182 | D:4      | Reached skill level 5 in Conjurations
  4239 | D:4      | Noticed Eustachio
  4496 | D:4      | Found a white marble altar of Elyvilon.
  4877 | D:4      | Reached skill level 4 in Spellcasting
  4877 | D:4      | Reached skill level 5 in Poison Magic
  4877 | D:4      | Gained mutation: You regenerate a little health from kills. [demonic ancestry]
  4877 | D:4      | Reached XP level 7. HP: 46/46 MP: 6/13
  4926 | D:5      | Entered Level 5 of the Dungeon
  4932 | D:5      | Found a blossoming altar of Fedhas.
  5067 | D:5      | Found Eseg's Weapon Shoppe.
  5290 | D:5      | Reached skill level 6 in Conjurations
  5361 | D:5      | Found an opulent altar of Gozag.
  5375 | D:5      | Noticed Duvessa
  5375 | D:5      | Noticed Dowan
  5720 | D:5      | Reached skill level 1 in Air Magic
  5720 | D:5      | Reached skill level 6 in Poison Magic
  5788 | D:5      | Reached XP level 8. HP: 51/52 MP: 9/14
  5851 | D:5      | Found a sacrificial altar of Ru.
  6077 | D:6      | Noticed Grinder
  6089 | D:6      | Paralysed by Grinder for 4 turns
  6173 | D:6      | Paralysed by Grinder for 5 turns
  6191 | D:6      | Killed Grinder
  6191 | D:6      | Reached skill level 5 in Spellcasting
  6191 | D:6      | Reached skill level 2 in Air Magic
  6664 | D:6      | Noticed an eight-headed hydra
  6759 | D:6      | Reached skill level 7 in Conjurations
  6762 | D:6      | Reached skill level 3 in Air Magic
  6903 | D:5      | Killed Dowan
  6903 | D:5      | Reached skill level 7 in Poison Magic
  6959 | D:5      | Killed Duvessa
  6959 | D:5      | Reached XP level 9. HP: 29/57 MP: 6/17
  7275 | D:5      | Found an oddly glowing altar of Pakellas.
  7411 | D:5      | Found a snail-covered altar of Cheibriados.
  7411 | D:5      | Found a bloodstained altar of Trog.
  7541 | D:4      | Killed Eustachio
  7541 | D:4      | Reached skill level 6 in Spellcasting
  8067 | D:7      | Reached skill level 4 in Air Magic
  8169 | D:7      | Noticed Natasha
  8178 | D:7      | Killed Natasha
  8227 | D:7      | Found a staircase to the Ecumenical Temple.
  8246 | Temple   | Entered the Ecumenical Temple
  8346 | Temple   | Became a worshipper of Sif Muna the Loreminder
  8460 | D:7      | Reached skill level 2 in Dodging
  8460 | D:7      | Reached skill level 8 in Conjurations
  8733 | D:7      | Reached * piety under Sif Muna
  8743 | D:7      | Noticed Natasha
  8752 | D:7      | Killed Natasha
  8842 | D:7      | Reached skill level 8 in Poison Magic
  9152 | D:7      | Reached skill level 3 in Dodging
  9335 | D:8      | Found an ancient bone altar of Kikubaaqudgha.
  9463 | D:8      | Reached skill level 9 in Conjurations
  9463 | D:8      | Reached XP level 10. HP: 48/63 MP: 12/20
  9667 | D:8      | Reached skill level 7 in Spellcasting
  9788 | D:8      | Found an iron altar of Okawaru.
  9851 | D:9      | Noticed Erolcha
  9873 | D:8      | Reached ** piety under Sif Muna
  9927 | D:9      | Noticed Karasique's ghost (novice DrWz)
  9934 | D:9      | Killed Erolcha
  9934 | D:9      | Reached skill level 4 in Dodging
 10168 | D:8      | Reached skill level 10 in Conjurations
 10398 | D:9      | Learned a level 5 spell: Venom Bolt
 10404 | D:9      | Learned a level 5 spell: Dispel Undead
 10455 | D:9      | Noticed a white ugly thing
 10788 | D:10     | Entered Level 10 of the Dungeon
 10972 | D:10     | Reached skill level 1 in Necromancy
 10997 | D:10     | Noticed a gargoyle
 11018 | D:10     | Killed a gargoyle
 11018 | D:10     | Reached *** piety under Sif Muna
 11514 | D:10     | Reached skill level 2 in Necromancy
 11923 | D:11     | Noticed a manticore
 11941 | D:11     | HP: 14/63 [manticore (21)]
 11949 | D:11     | Killed a manticore
 11949 | D:11     | Reached skill level 5 in Dodging
 11990 | D:11     | Noticed a red ugly thing
 11999 | D:11     | HP: 15/63 [red ugly thing (21)]
 12006 | D:11     | HP: 2/63 [troll (14)]
 12020 | D:10     | Reached skill level 8 in Spellcasting
 12020 | D:10     | Reached XP level 11. HP: 4/68 MP: 6/23
 12317 | D:10     | HP: 19/68 [red ugly thing (12)]
 12317 | D:10     | Slain by a red ugly thing

Vault maps used:
D:1:      tarquinn_simple_flora_water_e
D:3:      kennysheep_generic_room_3
D:4:      kennysheep_little_box, uniq_natasha, uniq_eustachio
D:5:      nicolae_ru_awakened_eye, grunt_gozag_statues, fedhas_altar_4,
          gammafunk_temple_overflow_wave, first_bread, basic_altar,
          serial_shops, shop, uniq_duvessa
D:6:      minmay_small_thing, uniq_grinder
D:7:      minmay_temple_entry_grid, grunt_ogre_cave, kennysheep_generic_room_10
D:8:      lemuel_zombie_altar_kikubaaqudgha, nicolae_overflow_hidden_temple
D:9:      minivault_13, uniq_erolcha
D:10:     serial_park_tiny_1, minmay_fire_ice_demons
D:11:     lair_0_dummy, orc_0_dummy, enter_bailey_2,
          portal_ice_cave_entry_pillars_02, minmay_statues_item
Temple:   circular_temple_12

Skill      XL: |  1  2  3  4  5  6  7  8  9 10 |
---------------+-------------------------------+-----
Conjurations   | 1 2 3 4 5 6 7 9 10 | 10.7
Spellcasting   | 3 4 5 6 8 |  8.0
Poison Magic   | 5 6 7 8 |  8.0
Air Magic      | 1 3 4 |  4.0
Dodging        | 3 5 |  5.1
Necromancy     | 2 |  2.6
Stealth        | |  1.7

Action                   |  1- 3 |  4- 6 |  7- 9 | 10-12 || total
-------------------------+-------+-------+-------+-------++-------
Melee: Unarmed           |     3 |       |       |       ||     3
       Short sword       |     2 |     3 |       |       ||     5
       Headbutt          |     1 |     8 |    38 |    21 ||    68
       Dagger            |       |    57 |   103 |       ||   160
       Flail             |       |       |    67 |     7 ||    74
       Whip              |       |       |    69 |   114 ||   183
Throw: Javelin           |       |     1 |     7 |     2 ||    10
       Stone             |       |       |     8 |       ||     8
       Tomahawk          |       |       |     5 |     5 ||    10
 Cast: Sting             |    78 |   118 |   288 |   127 ||   611
       Cure Poison       |     1 |       |       |       ||     1
       Mephitic Cloud    |       |     1 |    17 |    16 ||    34
       Venom Bolt        |       |       |       |     8 ||     8
Evoke: Wand              |       |       |     4 |     5 ||     9
  Use: Scroll            |     2 |     4 |    11 |     7 ||    24
       Potion            |     1 |       |     1 |     1 ||     3
 Stab: Confused          |       |     2 |     2 |     6 ||    10
       Sleeping          |       |       |     1 |       ||     1
       Paralysed         |       |       |       |     3 ||     3
  Eat: Chunk             |     3 |    10 |    14 |    10 ||    37
       Royal jelly       |       |       |     1 |     1 ||     2
       Pizza             |       |       |       |     1 ||     1
Armor: Robe              |    13 |    13 |       |       ||    26
       Leather armour    |       |     5 |   142 |    60 ||   207
       Skin              |       |       |     6 |       ||     6
Dodge: Dodged            |    34 |    38 |   189 |   116 ||   377

Table legend:
 A = Turns spent in this place as a percentage of turns spent in the entire game.
 B = Non-inter-level travel turns spent in this place as a percentage of non-inter-level travel turns spent in the entire game.
 C = Inter-level travel turns spent in this place as a percentage of turns spent in this place.
 D = Turns resting spent in this place as a percentage of non-inter-level travel turns spent in this place.
 E = Turns spent auto-exploring this place as a percentage of non-inter-level travel turns spent in this place.
 F = Non-inter-level travel turns spent in this place divided by the number of levels of this place that you've seen.
                   A       B       C       D       E      F
               +-------+-------+-------+-------+-------+----------------------
         Total | 100.0 | 100.0 |   0.5 |   3.8 |   4.3 | 428.2
       Dungeon |  99.1 |  99.0 |   0.5 |   3.8 |   4.1 | 462.6
        Temple |   0.9 |   1.0 |   0.0 |   0.0 |  18.4 |  49.0
               +-------+-------+-------+-------+-------+----------------------

Vault maps used:
D:1:      tarquinn_simple_flora_water_e
D:3:      kennysheep_generic_room_3
D:4:      kennysheep_little_box, uniq_natasha, uniq_eustachio
D:5:      nicolae_ru_awakened_eye, grunt_gozag_statues, fedhas_altar_4,
          gammafunk_temple_overflow_wave, first_bread, basic_altar,
          serial_shops, shop, uniq_duvessa
D:6:      minmay_small_thing, uniq_grinder
D:7:      minmay_temple_entry_grid, grunt_ogre_cave, kennysheep_generic_room_10
D:8:      lemuel_zombie_altar_kikubaaqudgha, nicolae_overflow_hidden_temple
D:9:      minivault_13, uniq_erolcha
D:10:     serial_park_tiny_1, minmay_fire_ice_demons
D:11:     lair_0_dummy, orc_0_dummy, enter_bailey_2,
          portal_ice_cave_entry_pillars_02, minmay_statues_item
Temple:   circular_temple_12
